 Dungeon Crawl Stone Soup version 0.30-a0-368-g86fb4627a9 (webtiles) character file.

Game seed: 3139335514776489887

927 hikkokomori the Ruffian (level 7, -1/70 HPs)
             Began as a Troll Transmuter on Nov 19, 2022.
             Was a Follower of Okawaru.
             Slain by an orc priest
             ... wielding a +0 mace
              (6 damage)
             ... on level 5 of the Dungeon.
             The game lasted 00:06:35 (3998 turns).

hikkokomori the Ruffian (Troll Transmuter)          Turns: 3998, Time: 00:06:36

Health: -1/70      AC:  6    Str: 19    XL:     7   Next: 85%
Magic:  5/7        EV: 11    Int: 11    God:    Okawaru [*.....]
Gold:   281        SH:  0    Dex: 10    Spells: 7/8 levels left

rFire   . . .      SeeInvis .      - Unarmed
rCold   . . .      Faith    .    (no shield)
rNeg    + . .      Spirit   .    a - +0 robe
rPois   .          Reflect  .    (helmet restricted)
rElec   .          Harm     .    u - +1 cloak
rCorr   .          Rampage  .    (gloves unavailable)
Will    .....                    (boots unavailable)
Stlth   +++.......               (no amulet)
HPRegen 1.11/turn                f - ring of positive energy
MPRegen 0.10/turn                (no ring)

@: heroic, flying
A: large, unfitting armour, claws 3, regeneration 1, shaggy fur 1, tough skin 1
a: Renounce Religion, Heroism


You were on level 5 of the Dungeon.
You worshipped Okawaru.
Okawaru was aware of your devotion.
You visited 2 branches of the dungeon, and saw 6 of its levels.

You collected 281 gold pieces.

Inventory:

Armour
 a - a +0 robe (worn)
 u - a +1 cloak (worn)
Jewellery
 f - a ring of positive energy (left claw)
Wands
 A - a wand of iceblast (8)
Scrolls
 c - a scroll of immolation
 h - 2 scrolls of acquirement {unknown}
 i - 2 scrolls of identify {unknown}
 j - 2 scrolls of vulnerability {unknown}
 l - a scroll of enchant weapon {unknown}
 m - a scroll of poison {unknown}
 n - a scroll of teleportation {unknown}
 o - a scroll of amnesia {unknown}
 p - 2 scrolls of noise
 r - 2 scrolls of enchant armour
 s - a scroll of torment {unknown}
 v - 3 scrolls of fog
 y - a scroll of magic mapping {unknown}
Potions
 b - 3 potions of lignification
 d - 2 potions of degeneration {unknown}
 e - a potion of might {unknown}
 g - 2 potions of invisibility {unknown}
 q - a potion of ambrosia {unknown}
 t - 2 potions of flight
 w - a potion of resistance {unknown}
 x - a potion of cancellation {unknown}
 z - a potion of heal wounds {unknown}


   Skills:
 + Level 4.2(9.2) Fighting
 - Level 1.5(6.5) Dodging
 + Level 5.9(10.9) Unarmed Combat
 - Level 1.2 Spellcasting
 + Level 4.1 Transmutations


You had 7 spell levels left.
You knew the following spells:

 Your Spells              Type           Power      Damage    Failure   Level
a - Beastly Appendage     Tmut           18%        N/A       6%          1

Your spell library contained the following spells:

 Spells                   Type           Power      Damage    Failure   Level
 Wereblood                Tmut           9%         N/A       9%          2
 Spider Form              Tmut/Pois      5%         N/A       38%         3
 Ice Form                 Ice/Tmut       5%         N/A       80%         4
 Summon Small Mammal      Summ           Unusable   N/A       N/A         1
 Call Canine Familiar     Summ           Unusable   N/A       N/A         3
 Summon Guardian Golem    Hex/Summ       Unusable   N/A       N/A         3

Dungeon Overview and Level Annotations

Branches:
Dungeon (5/15)             Temple (1/1) D:4

Altars:
Ashenzari
Cheibriados
Dithmenos
Hepliaklqana
Kikubaaqudgha
Makhleb
Okawaru
Qazlal
Ru
Sif Muna
Trog
Uskayaw
Vehumet
Wu Jian
The Shining One

Annotations:
D:4 1 runed translucent door, mcwallace's ghost, amateur DEAE
D:5 3 runed translucent doors, RascalDebosk's ghost, novice DjAE


Innate Abilities, Weirdness & Mutations

You are too large for most types of armour.
You have claws for hands.
Your natural rate of healing is unusually fast.
You are covered in fur. (AC +1)
You have tough skin. (AC +1)


Message History

Something hits you but does no damage. The orc priest hits you with a +0 mace.
* * * LOW HITPOINT WARNING * * *
The iguana bites you but does no damage.
Unknown command.
You claw the iguana!
You kill the iguana!
Okawaru accepts your kill. Something hits you but does no damage.
The orc priest hits you with a +0 mace.
* * * LOW HITPOINT WARNING * * *
The orc hits you but does no damage.
You are more poisoned.
The orc throws a boomerang.
The boomerang hits you but does no damage.
You feel very sick.
You hear some strange, mumbled words.
A puff of flame appears from out of thin air!
The puff of flame hits you!
* * * LOW HITPOINT WARNING * * *
The orc hits you with a +2 short sword of venom.
* * * LOW HITPOINT WARNING * * *
You are lethally poisoned!
The orc hits you with a +0 mace.
* * * LOW HITPOINT WARNING * * *
You see here an iguana corpse.
Unknown command.
You feel better. Something hits you but does no damage.
The orc hits you but does no damage. The orc priest misses you.
The orc hits you with a +2 short sword of venom.
* * * LOW HITPOINT WARNING * * *
You gain the combat prowess of a mighty hero.
The orc hits you with a +2 short sword of venom.
* * * LOW HITPOINT WARNING * * *
The orc priest looks satisfied for a moment.
The orc hits you with a +0 mace.
* * * LOW HITPOINT WARNING * * *
Something hits you but does no damage.
It was a potion of flight.
You feel very buoyant.
You fly up into the air.
The orc priest hits you with a +0 mace.
You die...

####.......## #..#
..#..#.....##.?.# .
#.#..#...!..#..# .#
###.#.##.......?.#
..##.#...†...#.....##
.............##§§§..##
..>...........##o§§§.#..
.....#.####.#.#o{oo§.... .#.#.#.#
#.###o@#§....# .#.#.#.. ...
§§§##....# .#.#.####
#.##§§####...#
.#.#.########...#..##... #Z
.#.#........#..##...#### ..##.W
.#....)..####..#......# #.#...
.###.###.####.##......####.#...##
.###........# #.....†##...##....
......##.#######.........#..# ..Z


You could see an orc priest and 4 orcs.

Vanquished Creatures
  Eustachio (D:5)
  Edmund (D:5)
  3 lemures (D:4)
  A phantom (D:3)
  A necrophage (D:5)
  A scorpion (D:5)
  2 hounds
  A jelly (D:5)
  4 iguanas (D:5)
  3 orc wizards
  4 gnolls
  8 adders
  An ufetubus (D:5)
  A worm (D:3)
  A dart slug (D:4)
  10 orcs
  9 bats
  5 endoplasms
  3 giant cockroaches
  7 goblins
  3 hobgoblins
  9 jackals
  5 quokkas
  4 ball pythons
  8 frilled lizards
  9 kobolds
  6 rats
111 creatures vanquished.

Vanquished Creatures (others)
  Pikel (D:4)
  A lemure (D:4)
2 creatures vanquished.

Grand Total: 113 creatures vanquished

Notes
Turn   | Place    | Note
-------+----------+-------------------------------------------
     0 | D:1      | hikkokomori the Troll Transmuter began the quest for the
                  | Orb.
     0 | D:1      | Reached XP level 1. HP: 18/18 MP: 1/1
    62 | D:1      | Reached skill level 1 in Fighting
   100 | D:1      | Reached XP level 2. HP: 27/27 MP: 2/2
   270 | D:1      | Reached XP level 3. HP: 33/33 MP: 3/3
   766 | D:2      | Found a glowing golden altar of the Shining One.
  1369 | D:3      | Reached XP level 4. HP: 42/42 MP: 4/4
  1375 | D:3      | Noticed a phantom
  1394 | D:3      | Killed a phantom
  1395 | D:3      | Reached skill level 4 in Unarmed Combat
  1395 | D:3      | Reached XP level 5. HP: 40/49 MP: 5/5
  2314 | D:4      | Reached XP level 6. HP: 54/59 MP: 6/6
  2354 | D:4      | Found a runed translucent door.
  2354 | D:4      | Noticed a sky beast
  2355 | D:4      | Noticed mcwallace's ghost (amateur DEAE)
  2817 | D:4      | Killed Pikel
  2854 | D:4      | Found a staircase to the Ecumenical Temple.
  2864 | Temple   | Entered the Ecumenical Temple
  2873 | Temple   | Became a worshipper of Warmaster Okawaru
  3365 | D:5      | Entered Level 5 of the Dungeon
  3463 | D:5      | Noticed RascalDebosk's ghost (novice DjAE)
  3474 | D:5      | Found a runed translucent gate.
  3474 | D:5      | Found a runed translucent gate.
  3513 | D:5      | Noticed Edmund
  3542 | D:5      | Killed Edmund
  3543 | D:5      | Reached skill level 5 in Unarmed Combat
  3545 | D:5      | Reached XP level 7. HP: 41/67 MP: 7/7
  3600 | D:5      | Found a runed translucent gate.
  3866 | D:5      | Reached * piety under Okawaru
  3913 | D:5      | Noticed Eustachio
  3919 | D:5      | Killed Eustachio
  3995 | D:5      | HP: 3/70 [orc/+0 mace (2)]
  3998 | D:5      | Slain by an orc priest

Illustrated notes

Levels and vault maps discovered:
D:1:      dpeg_arrival_prison, layout_rooms, minmay_lizard_pond
D:2:      minmay_evil_eye, layout_loops_ring, basic_altar
D:3:      layout_loops_corners, dreamdust_mushroom_princess
D:4:      layout_basic, lemuel_temple_firewalk_a, ebering_ghost_inner_flame,
          uniq_pikel
D:5:      layout_basic, gammafunk_ghost_icy, minmay_crossroads, uniq_edmund,
          uniq_eustachio
Temple:   nicolae_temple_no_exploring_needed

Skill      XL: |  1  2  3  4  5  6  7 |
---------------+----------------------+-----
Fighting       | 1 2 3 4 |  4.2
Transmutations | 2 3 4 |  4.1
Unarmed Combat | 4 5 |  5.9
Dodging        | |  1.5
Spellcasting   | |  1.2

Action                   |  1- 3 |  4- 6 |  7- 9 || total
-------------------------+-------+-------+-------++-------
Melee: Unarmed           |   111 |   171 |    78 ||   360
       Punch             |     1 |     3 |     3 ||     7
 Cast: Beastly Appendage |       |     1 |       ||     1
Invok: Heroism           |       |       |     1 ||     1
  Use: Potion            |       |     2 |     4 ||     6
       Scroll            |       |       |     3 ||     3
 Stab: Sleeping          |     1 |       |       ||     1
Armor: Robe              |    49 |    54 |    43 ||   146
       Skin              |       |     6 |       ||     6
Dodge: Dodged            |    48 |    65 |    47 ||   160

Table legend: (Time is in decaauts)
 A = Elapsed time spent in this place.
 B = Non-inter-level travel time spent in this place.
 C = Inter-level travel time spent in this place.
 D = Time resting spent in this place.
 E = Time spent auto-exploring this place.
 F = Levels seen in this place.
 G = Mean time per level.
                   A        B        C        D        E       F      G
               +--------+--------+--------+--------+--------+-----+--------+
         Total |   3968 |   3529 |    439 |     63 |   2674 |   6 |  661.3 |
       Dungeon |   3949 |   3510 |    439 |     63 |   2674 |   5 |  789.8 |
        Temple |     18 |     18 |      0 |      0 |      0 |   1 |   18.0 |
               +--------+--------+--------+--------+--------+-----+--------+

Top non-repeatable levels by time:
     D:4: 1145 daAuts
     D:3: 881 daAuts
     D:2: 833 daAuts
     D:5: 622 daAuts
     D:1: 467 daAuts
  Temple: 18 daAuts
